 Dungeon Crawl Stone Soup version 0.31-a0-1098-g6898e6545c (webtiles) character file.

Game seed: 9442734111111827304

66 gruber the Shooter (level 3, 0/30 HPs)
             Began as a Minotaur Hunter on Nov 30, 2023.
             Slain by a scorpion (2 damage)
             ... on level 3 of the Dungeon.
             The game lasted 00:00:54 (1485 turns).

gruber the Shooter (Minotaur Hunter)                Turns: 1485, Time: 00:00:56

Health: 0/30       AC:  3    Str: 13 (15) XL:     3   Next: 96%
Magic:  2/2        EV: 12    Int:  4 (6)  God:
Gold:   93         SH:  0    Dex: 14 (15) Spells: 2/2 levels left

rFire   . . .        a - +0 shortbow
rCold   . . .        (shield currently unavailable)
rNeg    . . .        c - +0 leather armour
rPois   .            (helmet restricted)
rElec   .            (no cloak)
rCorr   .            (no gloves)
SInv    .            (no boots)
Will    .....        g - amulet of regeneration
Stlth   +            (no ring)
HPRegen 1.05/turn    (no ring)
MPRegen 0.08/turn

%: no passive effects
@: lethally poisoned (0 -> -10)
A: horns 2, retaliatory headbutt
a: no special abilities


You were on level 3 of the Dungeon.
You visited 1 branch of the dungeon, and saw 3 of its levels.

You collected 93 gold pieces.

Inventory:

Hand Weapons
 a - a +0 shortbow (weapon)
Armour
 c - a +0 leather armour (worn)
Jewellery
 g - an amulet of regeneration (around neck)
Scrolls
 b - a scroll of butterflies
 d - 2 scrolls of enchant weapon {unknown}
 f - a scroll of blinking {unknown}
 h - a scroll of identify {unknown}
 j - a scroll of summoning {unknown}
 k - a scroll of vulnerability {unknown}
 m - a scroll of poison {unknown}
Potions
 e - 3 potions of degeneration
 i - a potion of brilliance {unknown}
 l - a potion of enlightenment {unknown}


   Skills:
 - Level 2.4 Fighting
 + Level 6.1 Ranged Weapons
 - Level 2.1 Dodging
 - Level 0.7 Stealth


You had 2 spell levels left.
You didn't know any spells.
Your spell library contained the following spells:

 Spells                   Type           Power      Damage    Failure   Level
 Necrotise                Necr           0%         1d4       58%         1
 Vampiric Draining        Necr           0%         2d6       91%         3
 Volatile Blastmotes      Fire/Tloc      0%         2d10      91%         3
 Fulminant Prism          Conj/Hex       0%         3d5       100%        4
 Iskenderun's Mystic Bla  Conj/Tloc      0%         2d3       100%        4
 Agony                    Necr           0%         N/A       100%        5


Dungeon Overview and Level Annotations

Branches:
Dungeon (3/15)

Altars:


Innate Abilities, Weirdness & Mutations

You have a pair of horns on your head.
You reflexively headbutt those who attack you in melee.


Message History

You kill the adder!
A scorpion is nearby!
You shoot an arrow. The arrow hits the scorpion.
The scorpion is lightly wounded.
A scorpion is nearby!
A scorpion is nearby!
You shoot an arrow. The arrow hits the scorpion.
The scorpion is lightly wounded.
You shoot an arrow. The arrow barely misses the scorpion.
A scorpion is nearby!
A scorpion is nearby!
You shoot an arrow. The arrow barely misses the scorpion.
The scorpion stings you but does no damage.
A scorpion is nearby!
You shoot an arrow. The arrow hits the scorpion.
The scorpion is moderately wounded.
The scorpion stings you.
A scorpion is nearby!
You shoot an arrow. The arrow closely misses the scorpion.
The scorpion stings you!
You are poisoned.
The scorpion poisons you!
You shoot an arrow. The arrow barely misses the scorpion.
You feel very sick. The scorpion stings you. x2
* * * LOW HITPOINT WARNING * * *
You are lethally poisoned!
The scorpion poisons you!
You are too injured to fight recklessly!
You are too injured to fight recklessly!
Unknown command.
You are too injured to fight recklessly!
Unknown command.
It was a potion of degeneration.
There was something very wrong with that liquid.
You feel weakened.
You feel dopey.
You feel clumsy.
* * * LOW HITPOINT WARNING * * *
You feel very sick. The scorpion stings you.
You die...

#.# ............. #.#
............ #.#
.......... #..
#....†.. ### #.....
#... #s## #@.### ###
##.#.## #..
..###....##########..
...'..................
...####...#########...
. ##..# #... ##.# #.#.
#.# #.#. #.# #.#.


You could see a scorpion.

Vanquished Creatures
  A gnoll (D:1)
  An adder (D:3)
  2 worms (D:2)
  2 dart slugs (D:1)
  2 ball pythons
  6 endoplasms
  2 giant cockroaches (D:1)
  8 hobgoblins
  4 bats
  2 frilled lizards
  2 goblins (D:2)
  2 kobolds (D:2)
  2 rats
36 creatures vanquished.

Notes
Turn   | Place    | Note
-------+----------+-------------------------------------------
     0 | D:1      | gruber the Minotaur Hunter began the quest for the Orb.
     0 | D:1      | Reached XP level 1. HP: 18/18 MP: 0/0
   161 | D:1      | Reached XP level 2. HP: 25/25 MP: 1/1
   279 | D:1      | Reached skill level 5 in Ranged Weapons
   510 | D:1      | Reached XP level 3. HP: 30/30 MP: 2/2
  1177 | D:3      | Reached skill level 6 in Ranged Weapons
  1385 | D:3      | Found a faded altar of an unknown god.
  1476 | D:3      | Noticed a scorpion
  1485 | D:3      | Slain by a scorpion

Illustrated notes

Levels and vault maps discovered:
D:1:      dpeg_arrival_lava_temple_mockup, layout_loops_cross,
          columned_hall_lemuel, st_stairs_8
D:2:      layout_rooms
D:3:      layout_loops_corners, dreamdust_ecumenical_altar_hidden_monk_grotto,
          nicolae_figureground_pulse

Skill      XL: |  1  2  3 |
---------------+----------+-----
Ranged Weapons | 5 6 |  6.1
Fighting       | |  2.4
Dodging        | |  2.1
Stealth        | |  0.7

Action                     || total
---------------------------++-------
   Fire: Shortbow          ||   106
    Use: Potion            ||     1
 Armour: Leather armour    ||    21
  Dodge: Dodged            ||    10

Table legend: (Time is in decaauts)
 A = Elapsed time spent in this place.
 B = Non-inter-level travel time spent in this place.
 C = Inter-level travel time spent in this place.
 D = Time resting spent in this place.
 E = Time spent auto-exploring this place.
 F = Levels seen in this place.
 G = Mean time per level.
                   A        B        C        D        E       F      G
               +--------+--------+--------+--------+--------+-----+--------+
         Total |   1501 |   1469 |     32 |      0 |   1252 |   3 |  500.3 |
       Dungeon |   1501 |   1469 |     32 |      0 |   1252 |   3 |  500.3 |
               +--------+--------+--------+--------+--------+-----+--------+

Top non-repeatable levels by time:
     D:1: 679 daAuts
     D:2: 479 daAuts
     D:3: 342 daAuts
